 Dungeon Crawl Stone Soup version 0.29-a0-96-g93358da72b (webtiles) character file.

Game seed: 11544793915294460275

822 dracfodder the Skirmisher (level 7, 0/118 HPs)
             Began as an Ogre Berserker on Feb 11, 2022.
             Was a Believer of Trog.
             Slain by a water moccasin (1 damage)
             ... on level 7 of the Dungeon.
             The game lasted 00:14:36 (5596 turns).

dracfodder the Skirmisher (Ogre Berserker)          Turns: 5596, Time: 00:14:37

Health: 0/118      AC:  3    Str: 24    XL:     7   Next: 95%
Magic:  7/7        EV: 10    Int:  8    God:    Trog [**....]
Gold:   146        SH:  0    Dex:  8    Spells: 6/6 levels left

rFire   . . .      SeeInvis .   t - +0 war axe
rCold   . . .      Faith    .   (no shield)
rNeg    . . .      Spirit   .   b - +0 animal skin
rPois   .          Reflect  .   (helmet restricted)
rElec   .          Harm     .   (no cloak)
rCorr   .          Rampage  .   (gloves unavailable)
Will    ++...                   (boots unavailable)
Stlth   ..........              (no amulet)
HPRegen 1.29/turn               (no ring)
MPRegen 0.10/turn               (no ring)

@: berserking (expiring), lethally poisoned (0 -> -3), strong-willed,
regenerating, very quick
A: large, unfitting armour, tough skin 1
a: Renounce Religion, Berserk, Trog's Hand


You were on level 7 of the Dungeon.
You worshipped Trog.
Trog was pleased with you.
You visited 2 branches of the dungeon, and saw 8 of its levels.

You collected 211 gold pieces.
You spent 65 gold pieces at shops.

Inventory:

Hand Weapons
 a - a +0 spear
 t - a +0 war axe (weapon)
Missiles
 d - 17 poisoned darts (quivered)
 f - 5 javelins
 g - 62 bolts
 h - 214 stones
 i - 67 arrows
 n - 18 sling bullets
 p - 4 curare-tipped darts
Armour
 b - a +0 animal skin (worn)
Wands
 l - a wand of iceblast (10)
 z - a wand of polymorph (13)
Scrolls
 o - a scroll of blinking
 r - a scroll of amnesia {unknown}
 s - a scroll of fog
 v - 2 scrolls of teleportation {unknown}
 y - a scroll of noise {unknown}
Potions
 c - 3 potions of berserk rage {unknown}
 e - 2 potions of brilliance {unknown}
 j - a potion of lignification {unknown}
 k - 2 potions of invisibility {unknown}
 m - a potion of mutation {unknown}
 q - a potion of heal wounds
 u - a potion of magic {unknown}
 w - a potion of haste {unknown}
 x - 2 potions of might {unknown}


   Skills:
 * Level 7.8 Fighting
 + Level 1.8(4.2) Axes
 + Level 6.0(6.2) Polearms
 + Level 0.2 Throwing
 + Level 3.9 Dodging
 + Level 1.4 Stealth


You had 6 spell levels left.
You didn't know any spells.
Your spell library was empty.

Dungeon Overview and Level Annotations

Branches:
Dungeon (6/15)             Temple (1/1) D:5

Altars:
Ashenzari
Cheibriados
Dithmenos
Elyvilon
Gozag
Hepliaklqana
Kikubaaqudgha
Okawaru
Qazlal
Ru
Sif Muna
Uskayaw
Vehumet
Xom
Yredelemnul
Zin

Shops:
D:4 (*(


Innate Abilities, Weirdness & Mutations

You are too large for most types of armour.
You have tough skin. (AC +1)


Message History

The water moccasin poisons you!
You slash the water moccasin!
The water moccasin is heavily wounded.
You slash the centaur skeleton!
You feel very sick. The water moccasin bites you.
* * * LOW HITPOINT WARNING * * *
The centaur skeleton hits you.
* * * LOW HITPOINT WARNING * * *
The centaur skeleton kicks you.
* * * LOW HITPOINT WARNING * * *
The water moccasin closely misses you.
You closely miss the water moccasin.
The water moccasin is heavily wounded.
You slash the centaur skeleton!
* * * LOW HITPOINT WARNING * * *
You feel very sick. The centaur skeleton hits you.
* * * LOW HITPOINT WARNING * * *
The centaur skeleton barely misses you. The water moccasin closely misses you.
The centaur skeleton hits you.
* * * LOW HITPOINT WARNING * * *
The centaur skeleton closely misses you.
You closely miss the water moccasin.
The water moccasin is heavily wounded.
You hit the centaur skeleton.
* * * LOW HITPOINT WARNING * * *
You feel very sick.
The water moccasin bites you but does no damage.
The centaur skeleton hits you but does no damage.
The centaur skeleton completely misses you.
You miss the water moccasin.
The water moccasin is heavily wounded.
You slash the centaur skeleton!
You destroy the centaur skeleton!
Trog accepts your kill.
* * * LOW HITPOINT WARNING * * *
You feel very sick. The water moccasin bites you.
You die...

#$# #..####
$...... .......
....... #
......>
#<#######.......
......oS@..#
.......)##.#
........# #
........#
$.......#
........#
........#
........#
.........


You could see a water moccasin and an orc.

Vanquished Creatures
  A black bear (D:4)
  An ice beast (D:7)
  An ogre (D:5)
  2 scorpions
  A water moccasin skeleton (D:4)
  2 howler monkeys
  A jelly (D:4)
  An orc priest (D:7)
  A centaur skeleton (D:7)
  Ijyb (D:4)
  3 iguanas
  A hound skeleton (D:4)
  3 gnolls (D:3)
  3 adders
  An adder skeleton (D:4)
  3 worms
  A dart slug (D:3)
  8 orcs
  7 ball pythons
  3 endoplasms
  A giant cockroach (D:3)
  4 goblins
  7 hobgoblins
  A quokka (D:3)
  7 bats
  A frilled lizard (D:3)
  6 kobolds
  7 rats
79 creatures vanquished.

Notes
Turn   | Place    | Note
-------+----------+-------------------------------------------
     0 | D:1      | dracfodder the Ogre Berserker began the quest for the Orb.
     0 | D:1      | Reached XP level 1. HP: 24/24 MP: 1/1
   113 | D:1      | Reached XP level 2. HP: 33/33 MP: 2/2
   784 | D:1      | Found a faded altar of an unknown god.
   842 | D:2      | Reached XP level 3. HP: 21/40 MP: 3/3
  1205 | D:2      | Reached ** piety under Trog
  1680 | D:3      | Reached skill level 5 in Fighting
  1680 | D:3      | Reached XP level 4. HP: 25/50 MP: 4/4
  2230 | D:3      | Reached XP level 5. HP: 30/57 MP: 5/5
  2906 | D:4      | Found the +5 scythe "Finisher" {speed, eviscerate}
  2919 | D:4      | Found a sacrificial altar of Ru.
  2923 | D:5      | Entered Level 5 of the Dungeon
  3285 | D:4      | Found Netipnodua's General Store.
  3304 | D:4      | Reached skill level 6 in Fighting
  3304 | D:4      | Reached XP level 6. HP: 44/67 MP: 6/6
  3460 | D:4      | Bought a potion of heal wounds for 65 gold pieces
  3473 | D:4      | Noticed Ijyb
  3473 | D:4      | Paralysed by Ijyb for 3 turns
  3505 | D:4      | Killed Ijyb
  3506 | D:4      | Reached skill level 5 in Polearms
  3514 | D:4      | HP: 3/68 [iguana (11)]
  3933 | D:4      | Found Lapaj's Antique Weapon Emporium.
  4028 | D:4      | Noticed a black bear
  4035 | D:4      | Killed a black bear
  4036 | D:4      | Reached skill level 1 in Stealth
  4248 | D:4      | Found Afroddam's Antique Weapon Shoppe.
  4287 | D:4      | Reached XP level 7. HP: 47/76 MP: 7/7
  4644 | D:4      | Found an opulent altar of Gozag.
  4824 | D:5      | Reached skill level 7 in Fighting
  5238 | D:5      | Found a staircase to the Ecumenical Temple.
  5244 | Temple   | Entered the Ecumenical Temple
  5514 | D:6      | Reached skill level 1 in Axes
  5577 | D:6      | You fall into a shaft and drop 1 floor!
  5594 | D:7      | HP: 5/118 [centaur skeleton (1)]
  5596 | D:7      | HP: 1/118 [poisoned by a water moccasin]
  5596 | D:7      | Slain by a water moccasin

Illustrated notes

Levels and vault maps discovered:
D:1:      lightli_molten_gateway, layout_basic,
          dilly_ecumenical_altar_fadedgnrine
D:2:      layout_rooms, nicolae_figureground_pulse
D:3:      layout_loops_cross, serial_aquarium, aquarium_bridge_square
          [aquarium_subvault_bridge, aquarium_subvault_bridge,
          aquarium_subvault_wall, aquarium_subvault_bridge],
          aquarium_bridge_square [aquarium_subvault_window,
          aquarium_subvault_bridge, aquarium_subvault_balcony,
          aquarium_subvault_wall], aquarium_window_1, aquarium_window_fake,
          aquarium_view_2g, aquarium_balcony_3b, aquarium_pool_double
D:4:      layout_basic, overflow_temple_1_default,
          lemuel_coloured_pillars_altar, serial_shops, nicolae_diamond_shop,
          nicolae_shop_behind_doors, nicolae_shop_trees, uniq_ijyb
D:5:      nicolae_cairo_tiling_large_dashed, layout_basic
D:6:      layout_basic, bloody_makhleb, cheibrodos_sewer_entry_sluice,
          hangedman_decor_lopped, nicolae_shop_sticking_my_neck_out, uniq_edmund
D:7:      layout_rooms
Temple:   jpeg_temple_clearing

Skill      XL: |  1  2  3  4  5  6  7 |
---------------+----------------------+-----
Dodging        | 3 |  3.9
Fighting       | 5 6 7 |  7.8
Polearms       | 4 5 6 |  6.0
Stealth        | 1 |  1.4
Axes           | 1 |  1.8
Throwing       | |  0.2

Action                   |  1- 3 |  4- 6 |  7- 9 || total
-------------------------+-------+-------+-------++-------
Melee: Spear             |    99 |   165 |       ||   264
       Punch             |       |     1 |       ||     1
       War axe           |       |     6 |    59 ||    65
Throw: Dart              |     3 |     2 |       ||     5
Invok: Berserk           |     2 |     3 |     2 ||     7
       Trog's Hand       |       |     1 |     1 ||     2
  Use: Scroll            |     5 |       |       ||     5
 Stab: Sleeping          |       |     1 |       ||     1
Armor: Animal skin       |    13 |    32 |     8 ||    53
Dodge: Dodged            |    45 |    82 |    40 ||   167

Table legend: (Time is in decaauts)
 A = Elapsed time spent in this place.
 B = Non-inter-level travel time spent in this place.
 C = Inter-level travel time spent in this place.
 D = Time resting spent in this place.
 E = Time spent auto-exploring this place.
 F = Levels seen in this place.
 G = Mean time per level.
                   A        B        C        D        E       F      G
               +--------+--------+--------+--------+--------+-----+--------+
         Total |   5639 |   5431 |    208 |   1211 |   3367 |   8 |  704.9 |
       Dungeon |   5529 |   5333 |    196 |   1211 |   3285 |   7 |  789.9 |
        Temple |    109 |     97 |     12 |      0 |     82 |   1 |  109.0 |
               +--------+--------+--------+--------+--------+-----+--------+

Top non-repeatable levels by time:
     D:3: 1629 daAuts
     D:4: 1510 daAuts
     D:1: 827 daAuts
     D:2: 769 daAuts
     D:5: 611 daAuts
     D:6: 164 daAuts
  Temple: 109 daAuts
     D:7: 17 daAuts
